 Dungeon Crawl Stone Soup version 0.28.0 (webtiles) character file.

Game seed: 9205293888774760716

222 issech the Cudgeller (level 5, -6/53 HPs)
             Began as a Troll Monk on Feb 5, 2022.
             Mangled by an acid dragon (14 damage)
             ... on level 4 of the Dungeon.
             The game lasted 00:08:52 (2777 turns).

issech the Cudgeller (Troll Monk)                   Turns: 2777, Time: 00:08:52

Health: -6/53      AC:  1    Str: 19    XL:     5   Next: 66%
Magic:  4/4        EV: 11    Int:  6    God:
Gold:   67         SH:  0    Dex: 14    Spells: 4/4 levels left

rFire   . . .      SeeInvis .   a - +0 mace
rCold   + . .      Faith    .   (no shield)
rNeg    . . .      Spirit   .   b - +0 robe
rPois   .          Reflect  .   (helmet restricted)
rElec   .          Harm     .   x - +0 cloak
rCorr   .          Rampage  .   (gloves unavailable)
Will    .....                   (boots unavailable)
Stlth   ++........              (no amulet)
HPRegen 0.97/turn               l - ring of protection from cold
MPRegen 0.09/turn               (no ring)

@: corroded, studying Fighting
A: large, unfitting armour, claws 3, regeneration 1, shaggy fur 1, tough skin 1
a: no special abilities


You were on level 4 of the Dungeon.
You visited 1 branch of the dungeon, and saw 4 of its levels.

You collected 67 gold pieces.

Inventory:

Hand Weapons
 a - a +0 mace (weapon)
 h - a +1 dagger of holy wrath
 r - a +0 dagger of electrocution
 v - a +2 dagger of venom
 D - a +0 battleaxe
 E - a +0 shortbow
Missiles
 c - 2 silver javelins
 d - 3 javelins (quivered)
 k - 4 curare-tipped darts
 m - 45 arrows
 n - 4 poisoned darts
 q - 49 stones
 w - 6 boomerangs
Armour
 b - a +0 robe (worn)
 x - a +0 cloak (worn)
 C - a +0 animal skin
Magical Staves
 e - a staff of cold
Jewellery
 l - a ring of protection from cold (left claw)
Scrolls
 g - a scroll of silence
 j - 2 scrolls of fear
 o - a scroll of enchant weapon {unknown}
 u - 2 scrolls of magic mapping {unknown}
 y - a scroll of blinking {unknown}
 z - a scroll of noise {unknown}
 B - a scroll of teleportation {unknown}
Potions
 f - a potion of flight {unknown}
 i - a potion of heal wounds {unknown}
 p - a potion of invisibility {unknown}
 s - 2 potions of mutation {unknown}
 t - a potion of attraction {unknown}
 A - a potion of haste


   Skills:
 + Level 3.2 Fighting
 + Level 4.4 Maces & Flails
 + Level 3.3 Dodging
 + Level 1.4 Stealth


You had 4 spell levels left.
You didn't know any spells.
Your spell library was empty.

Dungeon Overview and Level Annotations

Branches:
Dungeon (4/15)
 Temple: D:4-7

Altars:


Innate Abilities, Weirdness & Mutations

You are too large for most types of armour.
You have claws for hands.
Your natural rate of healing is unusually fast.
You are covered in fur. (AC +1)
You have tough skin. (AC +1)


Message History

You hit the hobgoblin but do no damage.
The hobgoblin hits you but does no damage.
You hit the hobgoblin.
The hobgoblin is heavily wounded.
An acid dragon comes into view.
The hobgoblin barely misses you.
You closely miss the hobgoblin.
The hobgoblin is heavily wounded.
The hobgoblin hits you.
You barely miss the hobgoblin.
The hobgoblin is heavily wounded.
The hobgoblin hits you but does no damage.
The hobgoblin closely misses you.
You closely miss the hobgoblin.
The hobgoblin is heavily wounded.
The hobgoblin barely misses you.
You hit the hobgoblin.
The hobgoblin is almost dead.
The hobgoblin hits you.
You hit the hobgoblin.
You kill the hobgoblin!
The acid dragon spits acid at you. The splash of acid hits you!
The acid corrodes you!
You hit the acid dragon but do no damage.
The acid dragon misses you. The acid dragon claws you.
You closely miss the acid dragon. The acid dragon spits acid at you.
The splash of acid hits you!!
You hit the acid dragon but do no damage.
The acid dragon bites you!
* * * LOW HITPOINT WARNING * * *
The acid dragon barely misses you. The acid dragon spits acid at you.
The splash of acid misses you.
You barely miss the acid dragon. The acid dragon completely misses you.
The acid dragon barely misses you.
You hit the acid dragon.
The acid dragon is lightly wounded.
The acid dragon bites you!
You die...

.#.##.....#....#...# # #
#$D..###..#..#.# #
.#.#.##.#### ##......# #
.......D############.# #
...............# #.# #
####.....#.###.#####)######
##....#.# #.......)....)
.......#D#######.########
###....#@........# #
##.#.########### # #^#.# #
#.#.# ## #. ####### #####
##.###.###.###
##.............
#..##.###.###.#


You could see an acid dragon (catching breath).

Vanquished Creatures
  A centaur (D:4)
  A wight (D:4)
  Robin (D:4)
  An adder (D:2)
  4 dart slugs
  An orc (D:4)
  2 endoplasms (D:1)
  5 giant cockroaches
  14 goblins
  9 hobgoblins
  5 kobolds
  3 quokkas
  8 ball pythons
  6 bats
  2 frilled lizards
  6 rats
69 creatures vanquished.

Notes
Turn   | Place    | Note
-------+----------+-------------------------------------------
     0 | D:1      | issech the Troll Monk began the quest for the Orb.
     0 | D:1      | Reached XP level 1. HP: 22/22 MP: 0/0
   115 | D:1      | Reached XP level 2. HP: 29/29 MP: 1/1
   226 | D:1      | Reached skill level 3 in Maces & Flails
   416 | D:1      | Reached XP level 3. HP: 36/36 MP: 2/2
   417 | D:1      | You fall into a shaft and drop 1 floor!
   624 | D:2      | Found a faded altar of an unknown god.
  1359 | D:1      | Reached XP level 4. HP: 44/44 MP: 3/3
  2540 | D:4      | Noticed Robin
  2563 | D:4      | Killed Robin
  2608 | D:4      | Reached skill level 4 in Maces & Flails
  2608 | D:4      | Reached XP level 5. HP: 53/53 MP: 4/4
  2633 | D:4      | Noticed a centaur
  2683 | D:4      | Killed a centaur
  2750 | D:4      | Noticed an acid dragon
  2777 | D:4      | Mangled by an acid dragon

Illustrated notes

Levels and vault maps discovered:
D:1:      dpeg_arrival_orchard, layout_loops_corners
D:2:      layout_basic, shapermc_ecumenical_altar_totnotflames
D:3:      layout_loops_corners, dk_noncrumbling_4, nicolae_elevator_lobby_plus
D:4:      layout_loops_ring, nicolae_concentric_dashed_squares_wild,
          minmay_shop_damaged, minmay_manual_moon, uniq_edmund, uniq_robin

Skill      XL: |  1  2  3  4 |
---------------+-------------+-----
Maces & Flails | 3 4 |  4.4
Dodging        | 3 |  3.3
Fighting       | 3 |  3.2
Stealth        | |  1.4

Action                   |  1- 3 |  4- 6 || total
-------------------------+-------+-------++-------
Melee: Mace              |   122 |    90 ||   212
       Punch             |     1 |       ||     1
  Use: Scroll            |       |     2 ||     2
 Stab: Sleeping          |     4 |     1 ||     5
Armor: Robe              |    59 |    26 ||    85
Dodge: Dodged            |    75 |    67 ||   142
